 Dungeon Crawl Stone Soup version 0.28.0-45-g0d030f2227 (webtiles) character file.

Game seed: 7156923118445117702

78 pkoi the Conjurer (level 3, -1/26 HPs)
             Began as a Demigod Conjurer on Apr 7, 2022.
             Slain by a phantom (8 damage)
             ... on level 3 of the Dungeon.
             The game lasted 00:03:47 (2879 turns).

pkoi the Conjurer (Demigod Conjurer)                Turns: 2879, Time: 00:03:48

Health: -1/26      AC:  2    Str:  8    XL:     3   Next: 94%
Magic:  0/10       EV: 12    Int: 24    God:
Gold:   130        SH:  0    Dex: 12    Spells: 4/7 levels left

rFire   + . .      SeeInvis .   d - +0 dagger
rCold   + . .      Faith    .   (no shield)
rNeg    . . .      Spirit   .   a - +0 robe
rPois   .          Reflect  .   (no helmet)
rElec   .          Harm     .   c - scarf {rC+ rF+}
rCorr   .          Rampage  .   (no gloves)
Will    .....                   (no boots)
Stlth   ++........              (no amulet)
HPRegen 0.08/turn               (no ring)
MPRegen 0.12/turn               (no ring)

@: no status effects
A: high MP 1, forlorn, divine attributes
a: no special abilities


You were on level 3 of the Dungeon.
You visited 1 branch of the dungeon, and saw 3 of its levels.

You collected 130 gold pieces.

Inventory:

Hand Weapons
 b - a +0 short sword
 d - a +0 dagger (weapon)
Armour
 a - a +0 robe (worn)
 c - a scarf of resistance (worn)
Potions
 k - a potion of might


   Skills:
 - Level 1.7 Dodging
 - Level 1.7 Stealth
 + Level 2.9 Spellcasting
 + Level 4.4 Conjurations


You had 4 spell levels left.
You knew the following spells:

 Your Spells              Type           Power      Damage    Failure   Level
a - Magic Dart            Conj           100%       1d8       1%          1
b - Searing Ray           Conj           50%        2d6       2%          2

Your spell library contained the following spells:

 Spells                   Type           Power      Damage    Failure   Level
 Dazzling Flash           Conj/Hex       28%        N/A       13%         3
 Blink                    Tloc           6%         N/A       17%         2
 Lesser Beckoning         Tloc           3%         N/A       32%         3
 Fulminant Prism          Conj/Hex       7%         3d7       41%         4
 Iskenderun's Mystic Bla  Conj/Tloc      14%        2d5       41%         4
 Manifold Assault         Tloc           3%         N/A       97%         5


Dungeon Overview and Level Annotations

Branches:
Dungeon (3/15)

Annotations:
D:2 Sigmund


Innate Abilities, Weirdness & Mutations

You have an increased reservoir of magic. (+10% MP)
You shall have no god before yourself.
Your divine heritage dramatically boosts your attributes as you level up.


Message History

Aim: a phantom (moderately damaged, 71% to hit)
The searing ray hits the phantom!
The phantom is heavily damaged. (Press . to maintain the ray.) Unknown command.
The searing ray hits the phantom.
The phantom is severely damaged.
The searing ray misses the phantom.
The phantom hits you.
* * * LOW HITPOINT WARNING * * *
The phantom blinks!
You blink.
Aiming: Magic Dart (safe; 1% risk of failure)
Press: ? - help, Q - select action, (/) - cycle Shift-Dir - straight line, f/p - phantom
Aim: a phantom (severely damaged, 100% to hit)
The magic dart hits the phantom.
The phantom is almost destroyed.
The phantom misses you.
Aiming: Magic Dart (safe; 1% risk of failure)
Press: ? - help, Q - select action, (/) - cycle Shift-Dir - straight line, f/p - phantom
Aim: a phantom (almost destroyed, 100% to hit)
The magic dart hits the phantom but does no damage.
The phantom is almost destroyed.
The phantom barely misses you.
Aiming: Magic Dart (safe; 1% risk of failure)
Press: ? - help, Q - select action, (/) - cycle Shift-Dir - straight line, f/p - phantom
Aim: a phantom (almost destroyed, 100% to hit)
The magic dart hits the phantom but does no damage.
The phantom is almost destroyed.
The phantom barely misses you.
You hit the phantom.
The phantom is almost destroyed.
The phantom hits you!
* * * LOW HITPOINT WARNING * * *
The phantom blinks!
You blink.
You closely miss the phantom.
The phantom is almost destroyed.
The phantom hits you but does no damage.
You hit the phantom but do no damage. Your punch misses the phantom.
The phantom is almost destroyed.
The phantom hits you!
You die...

***** *,,,***** *,*,,,,,* ##
*,,,**#.####. **,** #......
*,*#######..
############...........
*****##........!....#*#####..
*........§..@#####.## ##.
*.#####.####W# *,* #. *∩*
#.***#.#* *,* ###. *<*
#.,,,...****,**** #... *,*
##***#..,,,,,,,,* #.#.
*,*********#...**,,,*,***#...
*,*,,,,,,,,....*,,,,,,,,,#.##
*,*,,,,,,,,#....,,,,,,,,...,,
*,*,,*****,<,,,,,,,,**,#.#,**


You could see a phantom.

Vanquished Creatures
  2 adders (D:2)
  2 worms (D:2)
  5 dart slugs
  2 endoplasms
  4 giant cockroaches (D:2)
  4 goblins
  6 hobgoblins
  A quokka (D:1)
  3 ball pythons
  6 frilled lizards
  3 kobolds
  7 rats
45 creatures vanquished.

Notes
Turn   | Place    | Note
-------+----------+-------------------------------------------
     0 | D:1      | pkoi the Demigod Conjurer began the quest for the Orb.
     0 | D:1      | Reached XP level 1. HP: 14/14 MP: 5/5
   525 | D:1      | Reached XP level 2. HP: 20/20 MP: 5/7
   941 | D:2      | Reached skill level 4 in Conjurations
  1018 | D:1      | Learned a level 2 spell: Searing Ray
  1442 | D:2      | Reached XP level 3. HP: 26/26 MP: 4/9
  2006 | D:2      | Noticed Sigmund
  2866 | D:3      | Noticed a phantom
  2879 | D:3      | Slain by a phantom

Illustrated notes

Levels and vault maps discovered:
D:1:      minmay_arrival_hallway, layout_basic
D:2:      layout_rooms, ebering_ecumenical_altar_box, uniq_sigmund
D:3:      layout_loops_ring, serial_shops, shop, minmay_misc_feat_rugged,
          minmay_bisected

Skill      XL: |  1  2 |
---------------+-------+-----
Spellcasting   | 2 |  2.9
Conjurations   | 4 |  4.4
Dodging        | |  1.7
Stealth        | |  1.7

Action                   || total
-------------------------++-------
Melee: Dagger            ||    18
 Cast: Magic Dart        ||   107
       Searing Ray       ||     2
  Use: Scroll            ||     7
       Potion            ||     1
Armor: Robe              ||     6
Dodge: Dodged            ||     8
